AoeStats
← M@nqu!to

Arabia

505772399Analyzed
1v1 RM · 20d ago on Sep 11, 2026· 44m 29s· 2 players
Game mode
Random Map
Map size
Tiny (2 player)
Population
200
Speed
Normal
Resources
Standard
Victory
Conquest
Starting age
Dark Age
Ending age
Imperial Age
RankedLock teamsTeams togetherTeam positionsShared explorationLock speedFull tech treeHidden civsTurbo modeCheats
Victory
Defeat
🇭🇰 Khitans · Hong Kong SAR China
1196
+15
🇵🇪 Celts · Peru
1176
-15
M@nqu!to
7:28 Loom
9:43 Feudal Age
10:10 Man-at-Arms
13:23 Double-Bit Axe
14:38 Fletching
14:55 Town Watch
17:57 Padded Archer Armor
19:03 Wheelbarrow
19:39 Scale Mail Armor
21:16 Forging
24:12 Castle Age
23:53 Scale Barding Armor
25:22 Chain Barding Armor
26:11 Iron Casting
25:48 Husbandry
31:27 Chain Mail Armor
35:26 Horse Collar
42:51 Pikeman
NeroNam
7:11 Loom
9:30 Feudal Age
9:56 Double-Bit Axe
14:27 Domestication
17:46 Forging
22:03 Castle Age
21:56 Fletching
24:37 Forging
27:28 Husbandry
27:38 Gold Mining
28:34 Iron Casting
30:58 Scale Barding Armor
31:53 Wheelbarrow
32:35 Chain Barding Armor
35:50 Pastoralism
40:30 Imperial Age
40:38 Elite Steppe Lancer
41:34 Ordo Cavalry
41:49 Conscription
42:28 Hand Cart
42:06 Elite Steppe Lancer
44:13 Plate Barding Armor
Connection lost

Rejoining the realm…

Still unreachable

The connection could not be restored.

Session expired

The server has moved on; the page needs a fresh start.